[Event "ICC tourney 2462 (45 10)"]
[Site "Internet Chess Club"]
[Date "2021.03.20"]
[Round "1"]
[White "RODENSTEIN, ALAN:arconsul2"]
[Black "LIU, PATRICK PEIJUN:JunlinTheWorld"]
[Result "0-1"]
[ICCResult "White resigns"]
[WhiteElo "1756"]
[BlackElo "1869"]
[Opening "Queen's pawn: London system"]
[ECO "A45"]
[NIC "QP.07"]
[Time "11:02:21"]
[PlyCount "36"]
[TimeControl "2700+10"]

1. d4 Nf6 2. Bf4 d5 3. e3 e6 4. Nd2 Be7 5. Bd3 Nbd7 6. Ngf3 O-O 7. Ne5 c5
8. c3 cxd4 9. exd4 Nxe5 10. dxe5 Nd7 11. Qf3 Bg5 12. Bxh7+ Kxh7 13. Qh5+
Bh6 14. Nf3 f6 15. Bxh6 gxh6 16. exf6 Qxf6 17. O-O Qg6 18. Qh4 Rxf3 { White
resigns } 0-1

[Event "ICC tourney 2462 (45 10)"]
[Site "Internet Chess Club"]
[Date "2021.03.20"]
[Round "1"]
[White "MARKOVIC, GORAN:Goran21"]
[Black "LANCMAN, KALEB:kaleblancman"]
[Result "1-0"]
[ICCResult "Black resigns"]
[WhiteElo "1989"]
[BlackElo "1839"]
[Opening "English: symmetrical variation"]
[ECO "A38"]
[NIC "EO.64"]
[Time "11:02:12"]
[PlyCount "105"]
[TimeControl "2700+10"]

1. c4 c5 2. Nc3 Nc6 3. g3 g6 4. Bg2 Nf6 5. Nf3 Bg7 6. O-O d6 7. d4 cxd4 8.
Nxd4 Bd7 9. e3 O-O 10. b3 a6 11. Bb2 Qc7 12. Rc1 Rac8 13. Nd5 Qd8 14. Qd2
e6 15. Nxc6 Bxc6 16. Nxf6+ Bxf6 17. Bxf6 Qxf6 18. Qxd6 Rfd8 19. Qb4 Rd7 20.
Rcd1 Qd8 21. Rxd7 Qxd7 22. Bxc6 bxc6 23. Qa5 Ra8 24. h4 Qd8 25. Qxd8+ Rxd8
26. f3 Rd2 27. Rf2 Rd1+ 28. Kg2 Kf8 29. f4 Ke7 30. e4 Kd6 31. b4 Rd4 32.
e5+ Kc7 33. Rc2 c5 34. bxc5 Kc6 35. Kf3 Kxc5 36. Kg4 h6 37. h5 g5 38. Rb2
gxf4 39. gxf4 Rd7 40. Rb8 f5+ 41. exf6 Rf7 42. Rg8 Rxf6 43. Rg6 Rf8 44.
Rxe6 Rh8 45. Rxa6 Kxc4 46. f5 Kd5 47. Kf4 Rh7 48. f6 Kc5 49. Kf5 Kd5 50.
Kg6 Rh8 51. Kg7 Rc8 52. f7 Rc7 53. Rxh6 { Black resigns } 1-0

[Event "ICC tourney 2462 (45 10)"]
[Site "Internet Chess Club"]
[Date "2021.03.20"]
[Round "1"]
[White "CAREY, MICHAEL P:xyzchessdude"]
[Black "SHANKAR, PRANAV:pianoboy"]
[Result "1-0"]
[ICCResult "Black resigns"]
[WhiteElo "1953"]
[BlackElo "1826"]
[Opening "Réti: advance variation"]
[ECO "A09"]
[NIC "RE.14"]
[Time "11:02:15"]
[PlyCount "77"]
[TimeControl "2700+10"]

1. Nf3 d5 2. c4 d4 3. g3 c5 4. b4 cxb4 5. a3 e6 6. Bg2 Nc6 7. O-O e5 8.
axb4 Bxb4 9. Qa4 Bd6 10. Nxd4 exd4 11. Bxc6+ Bd7 12. Bxd7+ Qxd7 13. Qxd7+
Kxd7 14. Bb2 f6 15. Bxd4 a6 16. Nc3 Ne7 17. Na4 Nf5 18. Bc3 Kc6 19. d4 b5
20. d5+ Kb7 21. Rfb1 Rac8 22. cxb5 axb5 23. Rxb5+ Kc7 24. Ba5+ Kd7 25. Nb6+
Ke7 26. Nxc8+ Rxc8 27. Bb4 Bxb4 28. Rxb4 Rc7 29. e4 Nd6 30. f3 g5 31. Ra2
Rc1+ 32. Kg2 Rc7 33. Rb8 g4 34. Rh8 gxf3+ 35. Kxf3 Nf7 36. Rxh7 Rc3+ 37.
Kf4 Rc7 38. Kf5 Rd7 39. Ra6 { Black resigns } 1-0

[Event "ICC tourney 2462 (45 10)"]
[Site "Internet Chess Club"]
[Date "2021.03.20"]
[Round "1"]
[White "Reiss, Aiden:Aidenrchess"]
[Black "RAJMOHAN, VIKRAM:vikram251107"]
[Result "1/2-1/2"]
[ICCResult "Game drawn by mutual agreement"]
[WhiteElo "1853"]
[BlackElo "1993"]
[Opening "Caro-Kann: advance variation"]
[ECO "B12"]
[NIC "CK.04"]
[Time "11:02:14"]
[PlyCount "56"]
[TimeControl "2700+10"]

1. e4 c6 2. d4 d5 3. e5 Bf5 4. h4 h5 5. Bd3 Bxd3 6. Qxd3 e6 7. Bg5 Qb6 8.
Nd2 c5 9. c4 Nc6 10. Ngf3 cxd4 11. O-O Be7 12. cxd5 Nb4 13. Qb3 Nxd5 14.
Qa4+ Qc6 15. Qxd4 Bxg5 16. Nxg5 Nge7 17. Rac1 Nf5 18. Qe4 Qd7 19. Nc4 O-O
20. Nd6 f6 21. Nxe6 Qxe6 22. Nxf5 Rad8 23. Rfd1 Rfe8 24. Nh6+ gxh6 25. Qg6+
Kf8 26. Qxh6+ Kf7 27. Qh7+ Kf8 28. Qh6+ Kf7 { Game drawn by mutual
agreement } 1/2-1/2

[Event "ICC tourney 2462 (45 10)"]
[Site "Internet Chess Club"]
[Date "2021.03.20"]
[Round "1"]
[White "BONNELL, LEO W:bonnelleo1"]
[Black "MCDONALD, GABRIEL:Grinch81"]
[Result "1/2-1/2"]
[ICCResult "Game drawn by mutual agreement"]
[WhiteElo "1832"]
[BlackElo "1961"]
[Opening "Queen's Indian: old main line, 6.O-O"]
[ECO "E17"]
[NIC "QP.06"]
[Time "11:02:12"]
[PlyCount "47"]
[TimeControl "2700+10"]

1. d4 Nf6 2. Nf3 e6 3. g3 b6 4. Bg2 Bb7 5. O-O Be7 6. c4 d5 7. Ne5 O-O 8.
Nc3 Nbd7 9. Nxd7 Qxd7 10. Bg5 Rfd8 11. Re1 Rac8 12. Rc1 c5 13. dxc5 Rxc5
14. cxd5 Nxd5 15. Bxe7 Qxe7 16. Nxd5 exd5 17. Rxc5 bxc5 18. Qa4 Bc8 19. Qa5
Be6 20. Rc1 Rc8 21. e3 g6 22. Rd1 Rd8 23. Rc1 Rc8 24. Rd1 { Game drawn by
mutual agreement } 1/2-1/2

[Event "ICC tourney 2462 (45 10)"]
[Site "Internet Chess Club"]
[Date "2021.03.20"]
[Round "1"]
[White "GUEVARA-RODRIGUEZ, MARIO:aquilesboy"]
[Black "UDOVENKO, DANIEL ALEXANDER:DanielA1926"]
[Result "1-0"]
[ICCResult "Black resigns"]
[WhiteElo "1884"]
[BlackElo "1764"]
[Opening "Réti opening"]
[ECO "A06"]
[NIC "QP.09"]
[Time "11:02:12"]
[PlyCount "101"]
[TimeControl "2700+10"]

1. Nf3 d5 2. e3 Nf6 3. c4 dxc4 4. Bxc4 e6 5. O-O Bd6 6. b3 O-O 7. Bb2 b6 8.
d4 Bb7 9. Nc3 Nd5 10. Re1 Bb4 11. Rc1 Nxc3 12. Bxc3 Bxc3 13. Rxc3 Nd7 14.
Bb5 Bxf3 15. Qxf3 Nf6 16. Bc6 Rc8 17. Rec1 Nd5 18. Rc4 f5 19. Bb7 Rb8 20.
Bxd5 Qxd5 21. Qxd5 exd5 22. Rxc7 a5 23. g3 Rfd8 24. Re7 Rbc8 25. Rcc7 Rxc7
26. Rxc7 Rd6 27. h4 h5 28. Kg2 Kh7 29. Kf3 Kg6 30. Kf4 Kf6 31. Rc8 g6 32.
Rc7 Re6 33. Kf3 Rd6 34. a4 Ke6 35. Ke2 Rd7 36. Rxd7 Kxd7 37. Kd3 Kd6 38.
Kc3 Kc6 39. b4 Kd6 40. b5 Ke6 41. Kd3 Kf6 42. f3 Ke6 43. e4 Kd6 44. e5+ Ke6
45. Ke3 Kf7 46. Kf4 Ke6 47. Kg5 Kf7 48. f4 Kg7 49. e6 Kf8 50. Kxg6 Ke7 51.
Kxf5 { Black resigns } 1-0

[Event "ICC tourney 2462 (45 10)"]
[Site "Internet Chess Club"]
[Date "2021.03.20"]
[Round "1"]
[White "STEINER, ADAMSON:poohfur"]
[Black "GAW, CHLOE:HarleyQueen8"]
[Result "1-0"]
[ICCResult "Black checkmated"]
[WhiteElo "1692"]
[BlackElo "1866"]
[Opening "Sicilian"]
[ECO "B56"]
[NIC "SI.25"]
[Time "11:02:14"]
[PlyCount "63"]
[TimeControl "2700+10"]

1. e4 c5 2. Nf3 d6 3. d4 cxd4 4. Nxd4 Nf6 5. Nc3 Nc6 6. f3 e5 7. Nb3 Be7 8.
Be3 Be6 9. Qd2 O-O 10. O-O-O a6 11. g4 b5 12. g5 Nd7 13. Nd5 Bxd5 14. exd5
Na7 15. Rg1 Qc7 16. Rg4 Rfc8 17. Na5 Nb6 18. Bxb6 Qxb6 19. Bd3 Bd8 20. b4
Qb8 21. Rdg1 Bxa5 22. Bxh7+ Kxh7 23. g6+ fxg6 24. Rxg6 Rc7 25. Qg5 Qf8 26.
Kb1 Rac8 27. Qh5+ Kg8 28. Rh6 g6 29. Rgxg6+ Kf7 30. Re6+ Kg8 31. Rh8+ Kg7
32. Qh7# { Black checkmated } 1-0

[Event "ICC tourney 2462 (45 10)"]
[Site "Internet Chess Club"]
[Date "2021.03.20"]
[Round "1"]
[White "CHAMPSI, IMRAN:imranchamp"]
[Black "Massick, Laine:Laine23"]
[Result "0-1"]
[ICCResult "White checkmated"]
[WhiteElo "1813"]
[BlackElo "1935"]
[Opening "Sicilian: closed"]
[ECO "B23"]
[NIC "SI.44"]
[Time "11:02:15"]
[PlyCount "68"]
[TimeControl "2700+10"]

1. e4 c5 2. Nc3 e6 3. f4 d5 4. Nf3 dxe4 5. Nxe4 Nc6 6. d3 Be7 7. g3 h6 8.
Bg2 Qc7 9. O-O Bd7 10. Be3 b6 11. Nc3 Rd8 12. d4 Nxd4 13. Nxd4 cxd4 14.
Qxd4 Nf6 15. Ne4 O-O 16. Nxf6+ Bxf6 17. Qb4 Qxc2 18. Rac1 Qd3 19. Bf2 Bc8
20. Rc7 Rd7 21. Rfc1 Rxc7 22. Rxc7 Qb1+ 23. Bf1 Rd8 24. Rxa7 Rd1 25. Qb5
Rc1 26. Kg2 Qe4+ 27. Kg1 Bb7 28. Rxb7 Qxb7 29. Be3 Rb1 30. Qe8+ Kh7 31. Kf2
Rxb2+ 32. Ke1 Qd5 33. f5 Bc3+ 34. Bd2 Qxd2# { White checkmated } 0-1

[Event "ICC tourney 2462 (45 10)"]
[Site "Internet Chess Club"]
[Date "2021.03.20"]
[Round "1"]
[White "GARDEZI, ARSAL:Arsalchess"]
[Black "YANG, LEO:yanje03"]
[Result "1-0"]
[ICCResult "Black resigns"]
[WhiteElo "1859"]
[BlackElo "1678"]
[Opening "Sicilian: Anderssen variation"]
[ECO "B41"]
[NIC "SI.41"]
[Time "11:02:12"]
[PlyCount "73"]
[TimeControl "2700+10"]

1. e4 c5 2. Nf3 e6 3. d4 cxd4 4. Nxd4 Nf6 5. Bd3 Nc6 6. Be3 d5 7. Nd2 e5 8.
Nxc6 bxc6 9. O-O Bd6 10. Bg5 O-O 11. Qe2 h6 12. Bh4 Re8 13. exd5 cxd5 14.
Bb5 Re7 15. Bxf6 gxf6 16. c4 Bb7 17. cxd5 Bxd5 18. Ne4 Bxe4 19. Qxe4 Rb8
20. Bd3 Rc7 21. Qh7+ Kf8 22. Qxh6+ Ke7 23. Rac1 Rxb2 24. Qh7 Bc5 25. Bc4
Qf8 26. h4 Bb6 27. h5 Rd7 28. Rb1 Rxb1 29. Rxb1 Kd8 30. h6 Bxf2+ 31. Kh1
Rd4 32. g3 Qa3 33. Qg8+ Kc7 34. Qb8+ Kc6 35. Qc8+ Kd6 36. Qf8+ Kc6 37. Qxa3
{ Black resigns } 1-0

[Event "ICC tourney 2462 (45 10)"]
[Site "Internet Chess Club"]
[Date "2021.03.20"]
[Round "1"]
[White "KARAM, ALEX:AlexandreKaram"]
[Black "OBERAI, VIKRAM:vober6"]
[Result "0-1"]
[ICCResult "White resigns"]
[WhiteElo "1799"]
[BlackElo "1919"]
[Opening "Ruy Lopez: closed defense"]
[ECO "C84"]
[NIC "RL.13"]
[Time "11:02:12"]
[PlyCount "66"]
[TimeControl "2700+10"]

1. e4 e5 2. Nf3 Nc6 3. Bb5 a6 4. Ba4 Nf6 5. O-O Be7 6. d3 b5 7. Bb3 d6 8.
a3 O-O 9. Nc3 Bg4 10. Be3 Qd7 11. Nd5 Nxd5 12. Bxd5 Be6 13. Ba2 Bxa2 14.
Rxa2 f5 15. exf5 Rxf5 16. h3 Raf8 17. Nh2 Qe6 18. Ra1 d5 19. c3 Bd6 20. d4
e4 21. a4 b4 22. Qe2 bxc3 23. bxc3 Na5 24. Ng4 h5 25. Nh2 Nc4 26. Rae1 Qg6
27. g4 Bxh2+ 28. Kxh2 Rf3 29. g5 Qd6+ 30. Kg2 Nxe3+ 31. fxe3 Qg3+ 32. Kh1
Qxh3+ 33. Qh2 Rxf1+ { White resigns } 0-1

[Event "ICC tourney 2462 (45 10)"]
[Site "Internet Chess Club"]
[Date "2021.03.20"]
[Round "1"]
[White "LI, DAVID TONGJIA:UltimateDL"]
[Black "GANBAATAR, AMARJARGAL:AmyMGL"]
[Result "1-0"]
[ICCResult "Black checkmated"]
[WhiteElo "1767"]
[BlackElo "1900"]
[Opening "Sicilian: Kan, Maróczy bind (Réti variation)"]
[ECO "B41"]
[NIC "SI.41"]
[Time "11:02:16"]
[PlyCount "123"]
[TimeControl "2700+10"]

1. e4 c5 2. Nf3 e6 3. d4 cxd4 4. Nxd4 a6 5. c4 Nf6 6. Nc3 Bb4 7. f3 O-O 8.
Be2 e5 9. Nc2 Bxc3+ 10. bxc3 Nh5 11. O-O Nc6 12. Ne3 d6 13. Ba3 Qb6 14. Qd2
Rd8 15. Kh1 Be6 16. Rfd1 Nf4 17. Bf1 Rac8 18. Rab1 Qa7 19. Qf2 Na5 20. Bxd6
Rxd6 21. Rxd6 Bxc4 22. Qh4 f6 23. Bxc4+ Nxc4 24. Nxc4 Qc5 25. Rbd1 Qxc4 26.
Qg4 Rf8 27. Rd7 g5 28. Qf5 Ng6 29. Rd8 Rxd8 30. Rxd8+ Kg7 31. Rd7+ Kg8 32.
h4 Qf1+ 33. Kh2 Qxg2+ 34. Kxg2 Nxh4+ 35. Kg3 Nxf5+ 36. exf5 b5 37. a3 h5
38. Kh3 a5 39. Kg3 Kf8 40. Rh7 h4+ 41. Kg4 Kg8 42. Ra7 b4 43. cxb4 axb4 44.
axb4 Kf8 45. b5 Ke8 46. b6 Kd8 47. Rh7 Kc8 48. b7+ Kb8 49. Rf7 Ka7 50. Rxf6
Kxb7 51. Kxg5 h3 52. Rh6 Kc7 53. Kf6 Kd7 54. Kxe5 Ke7 55. Rxh3 Kf7 56. f4
Ke7 57. Rh7+ Kf8 58. Ke6 Kg8 59. Ra7 Kf8 60. Rb7 Kg8 61. Kf6 Kf8 62. Rb8# {
Black checkmated } 1-0

[Event "ICC tourney 2462 (45 10)"]
[Site "Internet Chess Club"]
[Date "2021.03.20"]
[Round "1"]
[White "WAWRZASZEK, JASON:arthur-bach"]
[Black "QIN, VINCENT:VQinchess"]
[Result "1/2-1/2"]
[ICCResult "Game drawn by repetition"]
[WhiteElo "1998"]
[BlackElo "1855"]
[Opening "Sicilian: Alapin's variation (2.c3)"]
[ECO "B22"]
[NIC "SI.47"]
[Time "11:02:35"]
[PlyCount "88"]
[TimeControl "2700+10"]

1. e4 c5 2. c3 Nf6 3. e5 Nd5 4. d4 cxd4 5. Nf3 Nc6 6. cxd4 d6 7. Bc4 e6 8.
O-O Be7 9. Qe2 Na5 10. Bd3 Nb4 11. exd6 Bxd6 12. Be4 O-O 13. Nc3 Nac6 14.
Re1 Bd7 15. a3 Nd5 16. Bd2 Nce7 17. Bg5 Re8 18. Nxd5 exd5 19. Bc2 Qb6 20.
Qd2 Nf5 21. Bf4 Rac8 22. Bxd6 Nxd6 23. Ne5 Bf5 24. Bxf5 Nxf5 25. Qf4 Qf6
26. Nd7 Qg6 27. Ne5 Qf6 28. Rac1 Rxc1 29. Rxc1 h6 30. Nf3 Re4 31. Qb8+ Kh7
32. Qxb7 Nxd4 33. Nxd4 Qxd4 34. Qb3 Qd2 35. Rf1 Re2 36. Qb7 Re1 37. g3
Rxf1+ 38. Kxf1 Qd3+ 39. Kg1 Qb1+ 40. Kg2 Qe4+ 41. Kg1 Qb1+ 42. Kg2 Qe4+ 43.
Kg1 Qb1+ 44. Kg2 Qe4+ { Game drawn by repetition } 1/2-1/2

[Event "ICC tourney 2462 (45 10)"]
[Site "Internet Chess Club"]
[Date "2021.03.20"]
[Round "1"]
[White "YERRAJENNU, SISIRA S:ybabji"]
[Black "SU, JASMINE ZHIXIN:chessisthebest1"]
[Result "0-1"]
[ICCResult "White checkmated"]
[WhiteElo "1921"]
[BlackElo "1806"]
[Opening "Sicilian: Alapin's variation (2.c3)"]
[ECO "B22"]
[NIC "SI.46"]
[Time "11:02:21"]
[PlyCount "170"]
[TimeControl "2700+10"]

1. e4 c5 2. c3 d5 3. exd5 Qxd5 4. Nf3 g6 5. d3 Bg7 6. Be3 Nh6 7. h3 Nc6 8.
Be2 O-O 9. O-O Nf5 10. Nh2 Nxe3 11. fxe3 Qg5 12. Kf2 Bh6 13. Qd2 Qh4+ 14.
Kg1 Ne5 15. Nf3 Qg3 16. Kh1 Bxh3 17. gxh3 Qxh3+ 18. Nh2 Bxe3 19. Qe1 h5 20.
Nd2 Ng4 21. Nf3 Bf4 22. Qh4 Qxh4 23. Nxh4 Bxh2 24. Bxg4 Bg3 25. Bxh5 Bxh4
26. Bf3 Rad8 27. Rad1 b6 28. Rd2 Kg7 29. Kg2 Bg5 30. Rdd1 Rh8 31. Bc6 Rd6
32. Bb5 e6 33. Bc4 Bf6 34. Rf2 Be5 35. Kg1 Rh5 36. Rdf1 f5 37. Rg2 Bf6 38.
Rf3 Rg5 39. Rxg5 Bxg5 40. Kf2 e5 41. Kf1 Kf6 42. Ba6 Bf4 43. Rf2 g5 44. Ke2
g4 45. a3 Bg3 46. Rf1 f4 47. Bc8 Kg5 48. Rg1 Rh6 49. Kd1 Rh2 50. Kc1 Kh4
51. Kb1 f3 52. Rf1 Bf4 53. Bb7 f2 54. Kc2 g3 55. Kd1 g2 56. Bxg2 Rxg2 57.
Ke2 Kg3 58. b3 Bg5 59. b4 Bh4 60. bxc5 bxc5 61. a4 Kg4 62. Rh1 Rg1 63.
Rxh4+ Kxh4 64. Kxf2 Ra1 65. Ke3 Rxa4 66. c4 Ra3 67. Ke4 a5 68. Kd5 Rxd3+
69. Kxc5 a4 70. Kb5 a3 71. c5 a2 72. c6 a1=Q 73. c7 Rb3+ 74. Kc6 Qc3+ 75.
Kd7 Qxc7+ 76. Kxc7 e4 77. Kd6 e3 78. Kd5 e2 79. Kc4 Re3 80. Kd4 e1=Q 81.
Kc4 Qd1 82. Kc5 Rc3+ 83. Kb4 Qb3+ 84. Ka5 Rc1 85. Ka6 Ra1# { White
checkmated } 0-1

[Event "ICC tourney 2462 (45 10)"]
[Site "Internet Chess Club"]
[Date "2021.03.20"]
[Round "1"]
[White "POMPE, NIKO:kralj8"]
[Black "LIU, RICHARD:TheCheekiBreeki"]
[Result "1-0"]
[ICCResult "Black resigns"]
[WhiteElo "1917"]
[BlackElo "1792"]
[Opening "Sicilian: closed"]
[ECO "B23"]
[NIC "SI.44"]
[Time "11:02:19"]
[PlyCount "61"]
[TimeControl "2700+10"]

1. e4 c5 2. Nc3 d6 3. f4 Nc6 4. Bb5 Bd7 5. d3 g6 6. Nf3 Bg7 7. O-O Nf6 8.
Qe1 O-O 9. Bd2 Qc7 10. Qh4 e6 11. f5 exf5 12. Ng5 h5 13. exf5 Bxf5 14. Rxf5
gxf5 15. g4 fxg4 16. Nce4 Nxe4 17. dxe4 Nd4 18. Qxh5 Nf3+ 19. Nxf3 gxf3 20.
Rf1 Qe7 21. Rxf3 Qe5 22. Qh3 Qxb2 23. Bc3 Qc1+ 24. Bf1 Qh6 25. Qg2 f6 26.
Bc4+ Rf7 27. Rxf6 Qc1+ 28. Rf1 Qe3+ 29. Kh1 Qxc3 30. Rxf7 Qa1+ 31. Rf1+ {
Black resigns } 1-0

[Event "ICC tourney 2462 (45 10)"]
[Site "Internet Chess Club"]
[Date "2021.03.20"]
[Round "1"]
[White "YAN, NATHAN:Natey"]
[Black "YANG, HENRY BOHAN:coolhappyfish"]
[Result "1-0"]
[ICCResult "Black resigns"]
[WhiteElo "1868"]
[BlackElo "1713"]
[Opening "Ruy Lopez: closed, Breyer, Borisenko variation"]
[ECO "C95"]
[NIC "RL.25"]
[Time "11:02:19"]
[PlyCount "65"]
[TimeControl "2700+10"]

1. e4 e5 2. Nf3 Nc6 3. Bb5 a6 4. Ba4 Nf6 5. O-O Be7 6. Bb3 d6 7. Re1 O-O 8.
c3 b5 9. h3 Nb8 10. d4 Nbd7 11. a4 Bb7 12. Nbd2 h6 13. Bc2 Re8 14. Nf1 Bf8
15. Ng3 g6 16. Qd3 exd4 17. cxd4 b4 18. Bb3 a5 19. e5 Nd5 20. e6 N7f6 21.
Bc2 Ne7 22. exf7+ Kxf7 23. Nh4 g5 24. Ng6 Ba6 25. Bb3+ Kg7 26. Qf3 Nxg6 27.
Nh5+ Kh8 28. Rxe8 Nxe8 29. Qf7 Ne7 30. Qxf8+ Kh7 31. Bc2+ Ng6 32. Qf7+ Kh8
33. Bxg6 { Black resigns } 1-0

[Event "ICC tourney 2462 (45 10)"]
[Site "Internet Chess Club"]
[Date "2021.03.20"]
[Round "2"]
[White "MCDONALD, GABRIEL:Grinch81"]
[Black "Reiss, Aiden:Aidenrchess"]
[Result "0-1"]
[ICCResult "White resigns"]
[WhiteElo "1961"]
[BlackElo "1853"]
[Opening "Queen's Indian: old main line, 7.Nc3"]
[ECO "E18"]
[NIC "QI.09"]
[Time "13:32:24"]
[PlyCount "34"]
[TimeControl "2700+10"]

1. d4 Nf6 2. c4 e6 3. Nf3 b6 4. g3 Bb7 5. Bg2 Be7 6. O-O O-O 7. Nc3 d5 8.
Ne5 c5 9. Bf4 cxd4 10. Qxd4 Bc5 11. Qd2 Qe7 12. cxd5 exd5 13. Nxd5 Nxd5 14.
Bxd5 Rd8 15. Bxf7+ Kh8 16. Qc1 Nd7 17. Nxd7 Qe4 { White resigns } 0-1

[Event "ICC tourney 2462 (45 10)"]
[Site "Internet Chess Club"]
[Date "2021.03.20"]
[Round "2"]
[White "LIU, PATRICK PEIJUN:JunlinTheWorld"]
[Black "MARKOVIC, GORAN:Goran21"]
[Result "0-1"]
[ICCResult "White checkmated"]
[WhiteElo "1869"]
[BlackElo "1989"]
[Opening "Caro-Kann: two knights variation"]
[ECO "B10"]
[NIC "CK.01"]
[Time "13:31:48"]
[PlyCount "166"]
[TimeControl "2700+10"]

1. e4 c6 2. Nf3 d5 3. Nc3 dxe4 4. Nxe4 Nf6 5. Nxf6+ gxf6 6. d4 Bf5 7. Bf4
e6 8. c3 Nd7 9. Nh4 Bg6 10. Nxg6 hxg6 11. Bd3 Nb6 12. Bg3 Bd6 13. Qf3 f5
14. Bxd6 Qxd6 15. g3 O-O-O 16. O-O-O Rd7 17. Qe2 Rhd8 18. f4 Nd5 19. Bc4
Nb6 20. Bb3 Kb8 21. Qf2 a5 22. a4 Nd5 23. Bxd5 Qxd5 24. Kc2 c5 25. dxc5
Qe4+ 26. Kc1 Qxa4 27. Rxd7 Rxd7 28. Qc2 Qa1+ 29. Qb1 Qxb1+ 30. Kxb1 Rd5 31.
Kc2 Rxc5 32. h4 Kc7 33. h5 gxh5 34. Rxh5 Kd6 35. Rh7 Ke7 36. Rh8 a4 37. Ra8
b5 38. Ra7+ Kf6 39. Kb1 Kg6 40. Ka2 f6 41. Ka3 e5 42. fxe5 fxe5 43. Kb4 Rd5
44. b3 axb3 45. Kxb3 e4 46. Re7 Kf6 47. Re8 Kg5 48. c4 bxc4+ 49. Kxc4 Rd3
50. Rg8+ Kf6 51. Rf8+ Ke6 52. Rg8 Kf7 53. Rg5 Kf6 54. Rg8 Rd7 55. Rf8+ Ke6
56. Re8+ Kf7 57. Re5 Kf6 58. Re8 Rg7 59. Rf8+ Ke6 60. Re8+ Kf7 61. Ra8 Rxg3
62. Ra6 Rd3 63. Rh6 Rd8 64. Kc3 Kg7 65. Re6 Kf7 66. Rh6 e3 67. Rh7+ Kf6 68.
Rh3 Re8 69. Kd3 e2 70. Rh6+ Kg5 71. Rh1 e1=Q 72. Rxe1 Rxe1 73. Kd2 Re8 74.
Kd3 f4 75. Kd2 f3 76. Kd3 f2 77. Kd4 f1=Q 78. Kd5 Qf6 79. Kc4 Re5 80. Kd3
Qf4 81. Kc3 Re3+ 82. Kd2 Qf2+ 83. Kc1 Re1# { White checkmated } 0-1

[Event "ICC tourney 2462 (45 10)"]
[Site "Internet Chess Club"]
[Date "2021.03.20"]
[Round "2"]
[White "QIN, VINCENT:VQinchess"]
[Black "REVELLON, LUCAS:Lukastico"]
[Result "0-1"]
[ICCResult "White resigns"]
[WhiteElo "1855"]
[BlackElo "1911"]
[Opening "French: advance, Euwe variation"]
[ECO "C02"]
[NIC "FR.03"]
[Time "13:31:56"]
[PlyCount "78"]
[TimeControl "2700+10"]

1. e4 e6 2. d4 d5 3. e5 c5 4. c3 Nc6 5. Nf3 Bd7 6. a3 f6 7. b4 fxe5 8. dxe5
Qc7 9. Bf4 Nh6 10. Bd3 g6 11. O-O Nf7 12. Re1 Bg7 13. Nbd2 Ncxe5 14. Nxe5
Bxe5 15. Rxe5 O-O 16. Nf3 d4 17. Re4 Qb6 18. cxd4 cxb4 19. axb4 Bc6 20.
Rxe6 Bxf3 21. Qb3 Qxd4 22. Be3 Qxa1+ 23. Bf1 Be2 24. Bc1 Qxc1 25. Rxe2 Rae8
26. Rc2 Qd1 27. Qc4 Re1 28. Rc3 Rfe8 29. Re3 Rxf1+ 30. Qxf1 Qxf1+ 31. Kxf1
Rxe3 32. fxe3 Ne5 33. Ke2 Kf7 34. Kd2 Ke6 35. e4 Ng4 36. h3 Nf6 37. Kd3 Ke5
38. g4 Nxe4 39. Kc4 Nf2 { White resigns } 0-1

[Event "ICC tourney 2462 (45 10)"]
[Site "Internet Chess Club"]
[Date "2021.03.20"]
[Round "2"]
[White "NAIR, ADVAIT SHANKAR:sujashankar"]
[Black "WAWRZASZEK, JASON:arthur-bach"]
[Result "0-1"]
[ICCResult "White checkmated"]
[WhiteElo "1750"]
[BlackElo "1998"]
[Opening "Sicilian: Hungarian variation"]
[ECO "B27"]
[NIC "SI.43"]
[Time "13:32:22"]
[PlyCount "124"]
[TimeControl "2700+10"]

1. e4 c5 2. Nf3 g6 3. c3 Bg7 4. d4 cxd4 5. cxd4 d5 6. exd5 Nf6 7. h3 O-O 8.
Bd3 Nxd5 9. a3 Nc6 10. Bc2 Qa5+ 11. Bd2 Qb6 12. Nc3 Rd8 13. Bb3 Be6 14. Na4
Qc7 15. Rc1 Nf4 16. O-O Bxb3 17. Qxb3 Ne2+ 18. Kh1 Nxc1 19. Rxc1 Qd6 20.
Qxb7 Nxd4 21. Nxd4 Qxd4 22. Bb4 a5 23. Bxe7 Qxa4 24. Bxd8 Rxd8 25. Qf3 Qd4
26. b4 axb4 27. axb4 Qxb4 28. Qc6 Qf4 29. g3 Qxf2 30. Qg2 Qe3 31. Rf1 Qd4
32. Qf2 Qxf2 33. Rxf2 Be5 34. Kg2 Rd3 35. Rf3 Rxf3 36. Kxf3 f5 37. g4 f4
38. h4 Kf7 39. Ke4 Ke6 40. h5 gxh5 41. gxh5 h6 42. Kf3 Kf5 43. Kg2 Kg4 44.
Kf2 Kxh5 45. Kf1 Kg4 46. Kf2 f3 47. Kg1 Kg3 48. Kf1 f2 49. Ke2 Kg2 50. Ke3
f1=Q 51. Ke4 Bh2 52. Ke3 Qf3+ 53. Kd2 Qe4 54. Kd1 Qe3 55. Kc2 Qd4 56. Kb3
Qc5 57. Ka4 Qb6 58. Ka3 Kf3 59. Ka2 Ke3 60. Ka3 Kd3 61. Ka2 Kc3 62. Ka1
Qb2# { White checkmated } 0-1

[Event "ICC tourney 2462 (45 10)"]
[Site "Internet Chess Club"]
[Date "2021.03.20"]
[Round "2"]
[White "YANG, LEO:yanje03"]
[Black "CHAMPSI, IMRAN:imranchamp"]
[Result "0-1"]
[ICCResult "White resigns"]
[WhiteElo "1678"]
[BlackElo "1813"]
[Opening "Sicilian: Nimzovich-Rossolimo attack (with ...g6, without ...d6)"]
[ECO "B31"]
[NIC "SI.31"]
[Time "13:31:31"]
[PlyCount "63"]
[TimeControl "2700+10"]

1. e4 c5 2. Nf3 Nc6 3. Bb5 g6 4. O-O Bg7 5. Re1 Nh6 6. c3 O-O 7. d4 cxd4 8.
cxd4 f5 9. e5 Nf7 10. Nc3 a6 11. Bc4 b5 12. Bb3 e6 13. h4 h6 14. a4 b4 15.
Ne2 g5 16. hxg5 hxg5 17. Bc2 g4 18. Nd2 Bb7 19. Nc4 Na5 20. b3 Nxc4 21.
bxc4 d6 22. exd6 Qxd6 23. Bb2 Ng5 24. c5 Qd5 25. Nf4 Nh3+ 26. Kh2 Nxf4 27.
f3 Qd8 28. fxg4 Qh4+ 29. Kg1 Nh3+ 30. Kh2 Nf2+ 31. Kg1 Nxd1 32. Raxd1 {
White resigns } 0-1

[Event "ICC tourney 2462 (45 10)"]
[Site "Internet Chess Club"]
[Date "2021.03.20"]
[Round "2"]
[White "LANCMAN, KALEB:kaleblancman"]
[Black "UDOVENKO, DANIEL ALEXANDER:DanielA1926"]
[Result "1/2-1/2"]
[ICCResult "Game drawn by mutual agreement"]
[WhiteElo "1839"]
[BlackElo "1764"]
[Opening "Robatsch (modern) defense"]
[ECO "A40"]
[NIC "KF.05"]
[Time "13:31:54"]
[PlyCount "53"]
[TimeControl "2700+10"]

1. d4 g6 2. e4 Bg7 3. Nf3 d6 4. Bd3 Nd7 5. O-O Ngf6 6. Re1 e5 7. c3 O-O 8.
Bg5 exd4 9. cxd4 h6 10. Bh4 g5 11. Bg3 Nh5 12. Nc3 Nxg3 13. hxg3 c5 14. Bc4
cxd4 15. Nxd4 Ne5 16. Bb3 Nc6 17. Ncb5 Nxd4 18. Nxd4 Qb6 19. Nc2 Be6 20.
Re3 Rae8 21. Rb1 Bxb3 22. Rxb3 Qc6 23. Rd3 Qxe4 24. Rxd6 f5 25. Rd7 f4 26.
gxf4 Qxf4 27. Qf1 { Game drawn by mutual agreement } 1/2-1/2

[Event "ICC tourney 2462 (45 10)"]
[Site "Internet Chess Club"]
[Date "2021.03.20"]
[Round "2"]
[White "GAW, CHLOE:HarleyQueen8"]
[Black "RODENSTEIN, ALAN:arconsul2"]
[Result "1-0"]
[ICCResult "Black checkmated"]
[WhiteElo "1866"]
[BlackElo "1756"]
[Opening "QGD: Charousek (Petrosian) variation"]
[ECO "D31"]
[NIC "QP.08"]
[Time "13:31:39"]
[PlyCount "61"]
[TimeControl "2700+10"]

1. d4 d5 2. c4 e6 3. Nc3 Be7 4. cxd5 exd5 5. Bf4 Nf6 6. e3 O-O 7. Bd3 Bg4
8. f3 Bh5 9. Nge2 Bg6 10. O-O c6 11. h3 Re8 12. Kh1 Bd6 13. Bg5 h6 14. Bxf6
Qxf6 15. e4 Qh4 16. e5 Bxd3 17. Qxd3 Be7 18. f4 Nd7 19. Ng3 Bf8 20. f5 Rad8
21. Nce2 c5 22. Rf4 Qe7 23. f6 gxf6 24. Rg4+ Kh8 25. Nf5 Qe6 26. Nf4 Qb6
27. e6 fxe6 28. Ng6+ Kg8 29. Ne5+ Kh8 30. Nxh6 Bxh6 31. Nf7# { Black
checkmated } 1-0